Map: Apotheosis LE

Players

LeChuZaCsiNa - Winner!

  • Race: Terran Terran
  • League: Diamond

Stalker

  • Race: Protoss Protoss
  • League: Diamond

VOD

Have the link to the VOD?

Description

Time

  • Played on: Sept. 12, 2016, 10:48 p.m.
  • Length: 3:44
Show
View Real Time Build Order
Export as new Build Order

LeChuZaCsiNa Terran - Winner!

Build Orders:  

Get SALT Encoding   

  12  0:02  SCV  
  13  0:14  SCV  
  14  0:18  Supply Depot  
  14  0:26  SCV  
  15  0:40  SCV  
  15  0:42  Barracks  
  16  0:45  Refinery  
  16  0:52  SCV  
  17  1:04  SCV  
  18  1:16  SCV  
  19  1:29  Marine  
  19  1:32  Orbital Command  
  20  1:48  Command Center  
  20  1:51  Barracks Reactor  
  20  2:10  Supply Depot, Factory  
  20  2:18  Refinery  
  20  2:21  SCV  
  21  2:29  Marine x2  
  23  2:39  SCV  
  24  2:47  Marine x2  
  26  2:55  SCV  
  27  2:59  Widow Mine, Supply Depot  
  27  3:02  Orbital Command  
  27  3:04  Marine  
  30  3:13  Starport  
  30  3:14  Marine  
  31  3:22  Marine  
  31  3:23  SCV  
  33  3:31  SCV  
  34  3:38  Factory Tech Lab  
Show
View Real Time Build Order
Export as new Build Order

Stalker Protoss 

Build Orders: Nexus First 

Get SALT Encoding   

  12  0:01  Probe (Chrono Boost)  
  13  0:11  Probe (Chrono Boost)  
  14  0:22  Probe (Chrono Boost)  
  14  0:24  Pylon  
  15  0:42  Probe (Chrono Boost)  
  16  0:52  Probe (Chrono Boost)  
  17  1:04  Nexus  
  17  1:14  Gateway  
  18  1:22  Assimilator  
  17  1:26  Assimilator  
  17  1:28  Probe (Chrono Boost)  
  18  1:39  Probe (Chrono Boost)  
  19  1:41  Pylon  
  19  1:50  Probe (Chrono Boost)  
  20  2:01  Cybernetics Core  
  20  2:03  Probe (Chrono Boost)  
  21  2:09  Gateway  
  21  2:14  Probe (Chrono Boost)  
  22  2:18  Probe (Chrono Boost)  
  23  2:24  Probe (Chrono Boost)  
  25  2:38  Mothership Core (Chrono Boost)  
  26  2:45  Stalker  
  26  2:47  Probe (Chrono Boost)  
  29  2:58  Probe (Chrono Boost)  
  29  2:59  Stalker  
  29  3:04  Probe (Chrono Boost)  
  32  3:10  Probe (Chrono Boost)  
  33  3:14  Stargate  
  33  3:16  Probe (Chrono Boost)  
  34  3:23  Probe (Chrono Boost)  
  34  3:26  Probe (Chrono Boost)  
  38  3:33  Assimilator  
  39  3:36  Pylon  
Tags
 
Add a new tag
Caveats
  • Supply blocks, unpowered buildings, or Contaminate may cause inaccurate times.
  • Supply counts are checked every 10 seconds.